 Dungeon Sprint DCSS version 0.30-a0-1114-gd936c97349 (webtiles) character file.

Game seed: 15420320314550280053

5400000 PLAYERX the Axe Maniac (level 23, -52/240 HPs)
             Began as a Minotaur Gladiator on Apr 19, 2023.
             Was the Champion of Makhleb.
             Annihilated by a meat berserker
             ... wielding a +9 battleaxe
              (67 damage)
             ... in the Dungeon (Sprint VIII: "Arena of Blood") on Apr 20, 2023.
             The game lasted 00:07:07 (54 turns).

PLAYERX the Axe Maniac (Minotaur Gladiator)           Turns: 54, Time: 00:07:08

Health: -52/240    AC:  6    Str: 27    XL:     23   Next: 11%
Magic:  18/53      EV: 27    Int:  5    God:    Makhleb [******]
Gold:   0          SH:  0    Dex: 15    Spells: 76/76 levels left

rFire   . . .      SeeInvis .    l - +∞ Axe of Woe
rCold   . . .      Faith    .    (shield currently unavailable)
rNeg    . . .      Spirit   .    b - +0 leather armour
rPois   .          Reflect  .    c - +0 hat
rElec   .          Rampage  .    (no cloak)
rCorr   .          NoTele   +    (no gloves)
Will    +....                    (no boots)
Stlth   +++++++++                (no amulet)
HPRegen 0.60/turn                (no ring)
MPRegen 0.33/turn                (no ring)

@: on berserk cooldown, slowed, very slow
A: horns 2, retaliatory headbutt
a: Renounce Religion, Minor Destruction, Lesser Servant of Makhleb, Major
Destruction, Greater Servant of Makhleb


You were in the Dungeon.
You worshipped Makhleb.
Makhleb was exalted by your worship.
You visited 1 branch

Inventory:

Hand Weapons
 a - a +0 war axe
 l - the +∞ Axe of Woe (weapon)
   (You found it in the Dungeon)
Missiles
 d - 3 throwing nets (quivered)
 e - a javelin
Armour
 b - a +0 leather armour (worn)
 c - a +0 hat (worn)
Scrolls
 k - a scroll of blinking
Potions
 f - a potion of curing
 g - a potion of heal wounds
 h - a potion of haste
 i - 2 potions of magic


   Skills:
 O Level 27 Fighting
 + Level 11.3(13.2) Short Blades
 + Level 12.2(14.3) Long Blades
 O Level 27 Axes
 O Level 27 Maces & Flails
 O Level 27 Polearms
 O Level 27 Staves
 + Level 11.3 Ranged Weapons
 O Level 27 Throwing
 O Level 27 Armour
 O Level 27 Dodging
 O Level 27 Stealth
 + Level 12.1 Shields
 O Level 27 Unarmed Combat
 O Level 27 Spellcasting
 + Level 7.8 Conjurations
 + Level 7.2 Hexes
 + Level 7.9 Summonings
 + Level 7.9 Necromancy
 + Level 7.8 Translocations
 + Level 8.6 Transmutations
 + Level 7.9 Fire Magic
 + Level 7.9 Ice Magic
 + Level 7.9 Air Magic
 + Level 8.6 Earth Magic
 + Level 7.9 Poison Magic
 O Level 27 Invocations
 + Level 9.4 Evocations


You had 76 spell levels left.
You didn't know any spells.
Your spell library was empty.

Dungeon Overview and Level Annotations

Branches:
Dungeon (1/1)

Altars:
Makhleb


Innate Abilities, Weirdness & Mutations

You have a pair of horns on your head.
You reflexively headbutt those who attack you in melee.


Message History

The meat berserker misses you. You furiously retaliate!
You headbutt the meat berserker!
Your base Short Blades skill increases to level 11!
Your base Long Blades skill increases to level 12!
Your Ranged Weapons skill increases to level 11!
Your Shields skill increases to level 12!
Your Hexes skill increases to level 7!
Your Transmutations skill increases to level 8!
Your Evocations skill increases to level 9!
You have reached level 23!
Unknown command.
Aiming: Major Destruction (0% risk of failure)
Press: ? - help, Shift-Dir - straight line, f - accursed
Aim: an accursed The bolt of acid hits the accursed!!!
The acid corrodes the accursed!
The accursed is lightly damaged.
The tyrant appears out of thin air!
A tyrant comes into view.
You are engulfed in blazing flames.
* * * LOW HITPOINT WARNING * * *
You hear a shout! x2
The bag of meat is engulfed in blazing flames.
The bag of meat hits you with a +9 war axe!
* * * LOW HITPOINT WARNING * * *
A bag of meat comes into view. It is wielding a +9 war axe.
You hear a shout!
The large bag of meat is engulfed in blazing flames.
The bag of meat is engulfed in blazing flames.
The bag of meat hits you with a +9 war axe!!
* * * LOW HITPOINT WARNING * * *
The accursed casts a spell at you. Something smites you!
* * * LOW HITPOINT WARNING * * *
A meat berserker comes into view. It is wielding a +9 battleaxe.
The destroyer casts a spell at you.
The destroyer blinks!
You hear a shout!
The meat berserker is engulfed in blazing flames.
The meat berserker hits you with a +9 battleaxe!!!
You die...

#... #... ..#
....###.O. ..###.
.........###..V...
.#........_.....
.L.....#.M...# .
.......#_)<._# ...
.o.....#)....#....
#....))○)_)..V...
....o.§O@###......
....###oooV...###.
... #§O))...# .
#oo§)O§.#
O.o....oo....
....o.§...o....
o...V.......o..
.O...........##
...#........#..


You could see an accursed (corroded), a tyrant (wandering), 4 destroyers, 2
large bags of meat, 2 meat berserkers and 13 bags of meat.

Vanquished Creatures
  4 vampire knights (D)
  16 ogres (D)
  3 two-headed ogres (D)
  25 orcs (D)
  2 skeletal warriors (D)
  3 royal mummies (D)
53 creatures vanquished.

Notes
Turn   | Place    | Note
-------+----------+-------------------------------------------
     0 | D        | Found the +∞ Axe of Woe
     0 | D        | PLAYERX the Minotaur Gladiator began the quest for the Orb.
     0 | D        | Reached XP level 1. HP: 18/18 MP: 0/0
     1 | D        | Noticed a bag of meat
     2 | D        | Killed a bag of meat
     2 | D        | Noticed a bag of meat
     2 | D        | Noticed a bag of meat
     3 | D        | Reached skill level 10 in Fighting
     3 | D        | Reached XP level 2. HP: 39/39 MP: 1/1
     3 | D        | Reached XP level 3. HP: 46/46 MP: 2/2
     3 | D        | Reached XP level 4. HP: 53/53 MP: 3/3
     3 | D        | Reached XP level 5. HP: 59/59 MP: 4/4
     3 | D        | Reached XP level 6. HP: 67/67 MP: 5/5
     3 | D        | Reached XP level 7. HP: 73/73 MP: 6/6
     3 | D        | Reached XP level 8. HP: 81/81 MP: 7/7
     3 | D        | Reached XP level 9. HP: 86/86 MP: 8/8
     3 | D        | Reached XP level 10. HP: 94/94 MP: 9/9
     4 | D        | Noticed a bag of meat
     5 | D        | Became a worshipper of Makhleb the Destroyer
     7 | D        | Noticed a bag of meat
     7 | D        | Noticed a bag of meat
     8 | D        | Killed a bag of meat
     8 | D        | Noticed a bag of meat
     8 | D        | Noticed a bag of meat
     9 | D        | Reached skill level 10 in Throwing
     9 | D        | Reached XP level 11. HP: 76/105 MP: 10/10
     9 | D        | Killed a bag of meat
     9 | D        | Reached * piety under Makhleb
     9 | D        | Noticed a meat berserker
     9 | D        | Noticed a meat berserker
    10 | D        | Reached XP level 12. HP: 85/118 MP: 10/15
    10 | D        | Killed a bag of meat
    11 | D        | Reached skill level 15 in Fighting
    11 | D        | Reached XP level 13. HP: 111/128 MP: 10/18
    12 | D        | Killed a meat berserker
    12 | D        | Noticed a bag of meat
    13 | D        | Reached skill level 15 in Throwing
    14 | D        | Killed a meat berserker
    14 | D        | Reached ** piety under Makhleb
    15 | D        | Reached XP level 14. HP: 86/146 MP: 10/22
    18 | D        | Killed a bag of meat
    18 | D        | Killed a bag of meat
    18 | D        | Killed a bag of meat
    18 | D        | Reached *** piety under Makhleb
    18 | D        | Noticed a meat berserker
    19 | D        | Reached skill level 27 in Axes
    19 | D        | Reached skill level 15 in Invocations
    19 | D        | Reached XP level 15. HP: 121/160 MP: 11/25
    19 | D        | Noticed a meat berserker
    22 | D        | Noticed a meat berserker
    24 | D        | Noticed a meat berserker
    24 | D        | Killed a meat berserker
    24 | D        | Reached **** piety under Makhleb
    24 | D        | Killed a meat berserker
    25 | D        | Reached skill level 27 in Dodging
    25 | D        | Reached XP level 16. HP: 134/180 MP: 12/29
    25 | D        | Noticed a large bag of meat
    28 | D        | Noticed a meat berserker
    28 | D        | Noticed a meat berserker
    29 | D        | Noticed a meat berserker
    29 | D        | Noticed a meat berserker
    30 | D        | Reached skill level 27 in Fighting
    30 | D        | Noticed a destroyer
    30 | D        | Noticed a large bag of meat
    31 | D        | Killed a meat berserker
    31 | D        | Reached ***** piety under Makhleb
    32 | D        | Reached skill level 27 in Throwing
    32 | D        | Reached XP level 17. HP: 191/191 MP: 13/33
    32 | D        | Killed a destroyer
    33 | D        | Reached skill level 27 in Invocations
    33 | D        | Reached skill level 5 in Spellcasting
    33 | D        | Killed a large bag of meat
    34 | D        | Noticed a meat berserker
    34 | D        | Noticed a meat berserker
    35 | D        | Killed a meat berserker
    35 | D        | Reached ****** piety under Makhleb
    36 | D        | Reached skill level 15 in Maces & Flails
    36 | D        | Reached skill level 15 in Polearms
    36 | D        | Reached skill level 15 in Armour
    36 | D        | Reached XP level 18. HP: 187/200 MP: 14/34
    36 | D        | Noticed a sculptor of flesh
    36 | D        | Killed a meat berserker
    36 | D        | Noticed a destroyer
    36 | D        | Noticed a meat berserker
    36 | D        | Noticed a destroyer
    37 | D        | Reached skill level 15 in Unarmed Combat
    37 | D        | Reached skill level 10 in Spellcasting
    37 | D        | Killed a meat berserker
    37 | D        | Killed a meat berserker
    38 | D        | Reached skill level 15 in Stealth
    38 | D        | Killed a meat berserker
    39 | D        | Reached XP level 19. HP: 207/207 MP: 14/35
    39 | D        | Noticed a large bag of meat
    39 | D        | Noticed a destroyer
    41 | D        | Killed a meat berserker
    41 | D        | Killed a meat berserker
    41 | D        | Noticed a meat berserker
    42 | D        | Noticed a meat berserker
    42 | D        | Noticed a large bag of meat
    42 | D        | Noticed a destroyer
    42 | D        | Noticed a destroyer
    43 | D        | Noticed a meat berserker
    43 | D        | Killed a destroyer
    43 | D        | Killed a meat berserker
    43 | D        | Killed a destroyer
    44 | D        | Reached skill level 27 in Maces & Flails
    44 | D        | Reached skill level 27 in Polearms
    44 | D        | Reached skill level 27 in Armour
    44 | D        | Reached XP level 20. HP: 216/216 MP: 15/40
    44 | D        | Killed a destroyer
    45 | D        | Reached skill level 27 in Unarmed Combat
    45 | D        | Noticed a large bag of meat
    45 | D        | Noticed a destroyer
    46 | D        | Reached XP level 21. HP: 224/224 MP: 15/43
    47 | D        | Noticed an accursed
    48 | D        | Noticed an accursed
    48 | D        | Noticed an accursed
    48 | D        | Killed an accursed
    48 | D        | Noticed a destroyer
    48 | D        | Noticed a large bag of meat
    48 | D        | Noticed a large bag of meat
    49 | D        | Reached skill level 27 in Stealth
    49 | D        | Killed an accursed
    49 | D        | Killed a large bag of meat
    50 | D        | Reached skill level 27 in Staves
    50 | D        | Reached skill level 27 in Spellcasting
    50 | D        | Reached skill level 1 in Hexes
    50 | D        | Reached XP level 22. HP: 194/233 MP: 16/52
    50 | D        | Noticed an accursed
    52 | D        | Upgraded the game from 0.30-a0-1112-gfb780f5df6 to
                  | 0.30-a0-1114-gd936c97349
    52 | D        | Killed an accursed
    52 | D        | Killed a large bag of meat
    53 | D        | Reached skill level 10 in Short Blades
    53 | D        | Reached skill level 10 in Ranged Weapons
    53 | D        | Noticed a destroyer
    54 | D        | Reached XP level 23. HP: 99/240 MP: 17/53
    54 | D        | Annihilated by a meat berserker

Illustrated notes

Levels and vault maps discovered:
D:        meatsprint

Skill      XL: |  1  2  3  4  5  6  7  8  9 10 11 12 13 14 15 16 17 18 19 20 21 22 |
---------------+-------------------------------------------------------------------+-----
Fighting       | 10 12 14 15 19 21 26 27 | 27.0
Axes           | 20 22 23 24 26 27 | 27.0
Throwing       | 9 10 12 13 16 18 22 27 | 27.0
Dodging        | 17 19 20 21 23 25 27 | 27.0
Invocations    | 6 8 13 15 20 26 27 | 27.0
Maces & Flails | 15 20 27 | 27.0
Polearms       | 15 20 27 | 27.0
Armour         | 15 20 27 | 27.0
Stealth        | 12 16 22 25 27 | 27.0
Unarmed Combat | 14 19 25 27 | 27.0
Spellcasting   | 9 12 17 19 27 | 27.0
Staves         | 7 27 | 27.0
Short Blades   | 3 11 | 11.3
Long Blades    | 3 12 | 12.2
Ranged Weapons | 3 11 | 11.3
Shields        | 3 12 | 12.1
Conjurations   | 2 7 |  7.8
Hexes          | 1 7 |  7.2
Summonings     | 2 7 |  7.9
Necromancy     | 2 7 |  7.9
Translocations | 2 7 |  7.8
Transmutations | 2 8 |  8.6
Fire Magic     | 2 7 |  7.9
Ice Magic      | 2 7 |  7.9
Air Magic      | 2 7 |  7.9
Earth Magic    | 2 8 |  8.6
Poison Magic   | 2 7 |  7.9
Evocations     | 2 9 |  9.4

Action                     |  1- 3 |  4- 6 |  7- 9 | 10-12 | 13-15 | 16-18 | 19-21 | 22-24 || total
---------------------------+-------+-------+-------+-------+-------+-------+-------+-------++-------
  Melee: Executioner's axe |     1 |       |       |     3 |     6 |     9 |     8 |     3 ||    30
 Invoke: Minor Destruction |       |       |       |       |     1 |       |       |       ||     1
         Major Destruction |       |       |       |       |       |       |       |     1 ||     1
    Use: Potion            |       |       |       |       |       |     1 |       |       ||     1
 Armour: Leather armour    |       |       |       |       |       |       |     1 |       ||     1
  Dodge: Dodged            |       |       |       |       |       |     1 |       |     1 ||     2

Table legend: (Time is in decaauts)
 A = Elapsed time spent in this place.
 B = Non-inter-level travel time spent in this place.
 C = Inter-level travel time spent in this place.
 D = Time resting spent in this place.
 E = Time spent auto-exploring this place.
 F = Levels seen in this place.
 G = Mean time per level.
                   A        B        C        D        E       F      G
               +--------+--------+--------+--------+--------+-----+--------+
         Total |     43 |     43 |      0 |      0 |      0 |   1 |   43.0 |
       Dungeon |     43 |     43 |      0 |      0 |      0 |   1 |   43.0 |
               +--------+--------+--------+--------+--------+-----+--------+

Top non-repeatable levels by time:
       D: 43 daAuts
